 Dungeon Crawl Stone Soup version 0.24-a0-441-g27f0392e16 (webtiles) character file.

Game seed: 1788170774717087798

924 KristoblXynda the Skirmisher (level 7, -13/63 HPs)
             Began as a Black Draconian Gladiator on June 20, 2019.
             Was an Initiate of Gozag.
             Mangled by an ogre
             ... wielding a +0 giant club
              (22 damage)
             ... on level 5 of the Dungeon.
             The game lasted 00:08:25 (5656 turns).

KristoblXynda the Skirmisher (DrGl)                 Turns: 5656, Time: 00:08:26

Health: -13/63     AC:  8    Str: 16    XL:     7   Next: 84%
Magic:  7/7        EV: 15    Int: 10    God:    Gozag
Gold:   221        SH:  0    Dex: 13    Spells: 6/6 levels left

rFire    . . .     SeeInvis .   a - +1 long sword
rCold    . . .     Gourm    .   (no shield)
rNeg     . . .     Faith    .   (armour unavailable)
rPois    .         Spirit   .   b - +0 hat
rElec    +         Reflect  .   (no cloak)
rCorr    .         Harm     .   o - +0 pair of gloves
MR       .....                  r - +0 pair of boots (curse)
Stlth    +.........             (no amulet)
HPRegen  0.20/turn              (no ring)
MPRegen  0.10/turn              (no ring)

@: short of breath
A: breathe lightning, unfitting armour, electricity resistance, cold-blooded, AC
+6
a: Breathe Lightning, Potion Petition, Call Merchant, Bribe Branch, Renounce
Religion


You were on level 5 of the Dungeon.
You worshipped Gozag.
Gozag was aware of your devotion.
You were not hungry.

You visited 2 branches of the dungeon, and saw 6 of its levels.

You collected 280 gold pieces.
You paid 59 gold pieces to Gozag.

Inventory:

Hand Weapons
 a - a +1 long sword (weapon)
Missiles
 c - 3 throwing nets
 q - 7 atropa-tipped darts (quivered)
Armour
 b - a +0 hat (worn)
 o - a +0 pair of gloves (worn)
 r - a cursed +0 pair of boots (worn)
Wands
 w - a wand of paralysis (8)
Scrolls
 g - 2 scrolls of amnesia
 j - a scroll of noise {unknown}
 k - a scroll of fear
 m - 2 scrolls of enchant weapon
 n - a scroll of immolation {unknown}
 p - a scroll of enchant armour {unknown}
 v - a scroll of vulnerability {unknown}
Potions
 e - 2 potions of cancellation
 f - a potion of lignification
 h - a potion of invisibility
 i - 4 potions of might
 l - a potion of curing
 s - 2 potions of brilliance {unknown}
 t - a potion of degeneration
 u - a potion of heal wounds {unknown}
Comestibles
 d - 4 rations


   Skills:
 + Level 6.0 Fighting
 + Level 5.9 Long Blades
 - Level 2.0 Throwing
 + Level 5.4 Dodging


You had 6 spell levels left.
You didn't know any spells.
Your spell library was empty.

Dungeon Overview and Level Annotations

Branches:
Dungeon (5/15)             Temple (1/1) D:5

Altars:
Ashenzari
Cheibriados
Dithmenos
Elyvilon
Fedhas
Gozag
Hepliaklqana
Kikubaaqudgha
Makhleb
Nemelex Xobeh
Okawaru
Qazlal
Ru
Sif Muna
Uskayaw
Vehumet
Wu Jian
Xom
Yredelemnul
Zin
The Shining One


Innate Abilities, Weirdness & Mutations

You can breathe wild blasts of lightning.
Your glossy black scales are hard. (AC +6)
You cannot fit into any form of body armour.
You are resistant to electric shocks. (rElec)
You are cold-blooded and may be slowed by cold attacks.


Message History

You completely miss the ogre.
Your tail-slap misses the ogre.
The ogre is severely wounded.
The ogre closely misses you.
Unknown command.
Throwing (i - inventory. (/) - cycle)
q - 8 atropa-tipped darts (quivered)
Press: ? - help, Shift-Dir - straight line, f - ogre
Aim: an ogre, wielding a +0 giant club (severely wounded, chance to blind on hit: 41%)
You throw an atropa-tipped dart. The atropa-tipped dart hits the ogre.
The ogre resists.
The ogre is severely wounded.
The ogre hits you but does no damage.
You barely miss the ogre.
The ogre is severely wounded.
The ogre barely misses you.
Unknown command.
You breathe a wild blast of lightning!
The orb of electricity explodes!
You feel somewhat more hungry.
The ogre hits you with a +0 giant club!!
You die...
Your body crumbles into a pile of gold.

## ##### ###.
######...# #..
.......... ##.#
+## ######.##
#..#...### ###...#
#@O(.⌠...###...⌠.'
#..#.............#
##.# #....<....###
#.# #.....###..
#.# ##.⌠.###...
#.# ###.....###..
#.###....>....###
#.#.............#
#...⌠...###...⌠.+


You could see an ogre.

Vanquished Creatures
  Sigmund (D:5)
  An ogre (D:5)
  2 centaurs (D:5)
  A scorpion (D:4)
  A bullfrog skeleton (D:4)
  A hound (D:5)
  A centaur skeleton (D:4)
  3 worker ants
  2 orc wizards (D:5)
  A hound skeleton (D:5)
  Robin (D:3)
  5 gnolls
  6 adders
  A shadow imp (D:5)
  3 oozes
  3 worms
  3 dart slugs (D:2)
  4 leopard geckos
  8 orcs
  10 bats
  4 giant cockroaches
  19 goblins
  6 hobgoblins
  6 jackals
  8 kobolds
  2 quokkas
  A ball python (D:3)
  3 frilled lizards
  A quokka skeleton (D:5)
  18 rats
126 creatures vanquished.

Notes
Turn   | Place    | Note
-------+----------+-------------------------------------------
     0 | D:1      | KristoblXynda the Draconian Gladiator began the quest for
                  | the Orb.
     0 | D:1      | Reached XP level 1. HP: 17/17 MP: 1/1
    31 | D:1      | Reached XP level 2. HP: 13/25 MP: 2/2
   455 | D:1      | Reached XP level 3. HP: 27/30 MP: 3/3
  1069 | D:2      | Reached skill level 3 in Fighting
  1180 | D:2      | Reached XP level 4. HP: 20/38 MP: 4/4
  2173 | D:3      | Noticed Robin
  2209 | D:3      | Killed Robin
  2298 | D:3      | Reached XP level 5. HP: 35/46 MP: 5/5
  3043 | D:3      | Found a faded altar of an unknown god.
  3166 | D:4      | Reached skill level 4 in Fighting
  3443 | D:4      | Reached XP level 6. HP: 43/53 MP: 6/6
  3856 | D:5      | Entered Level 5 of the Dungeon
  4099 | D:5      | Reached skill level 5 in Long Blades
  4200 | D:5      | Reached skill level 5 in Fighting
  4539 | D:5      | Your scales start taking on a glossy black colour.
  4539 | D:5      | Reached XP level 7. HP: 54/61 MP: 7/7
  4539 | D:5      | Gained mutation: You are resistant to electric shocks.
                  | (rElec) [Black Draconian growth]
  4826 | D:5      | Found a staircase to the Ecumenical Temple.
  4849 | D:5      | Noticed Sigmund
  4853 | Temple   | Entered the Ecumenical Temple
  4953 | Temple   | Became a worshipper of Gozag Ym Sagoz the Greedy
  5033 | D:5      | Reached skill level 5 in Dodging
  5077 | D:5      | Killed Sigmund
  5113 | D:5      | Reached skill level 6 in Fighting
  5656 | D:5      | Mangled by an ogre

Levels and vault maps discovered:
D:1:      tarquinn_simple_flora_water_f, layout_loops_corners
D:2:      layout_rooms
D:3:      layout_basic, chequers_ecumenical_altar_grove, uniq_robin
D:4:      layout_basic, minmay_pentomino_pile
D:5:      layout_basic, minmay_temple_entry_butterflies, first_ration,
          grunt_ministairs_13, serial_bayou_crossing, uniq_sigmund
Temple:   kilobyte_greek_temple

Skill      XL: |  1  2  3  4  5  6  7 |
---------------+----------------------+-----
Throwing       | 2 |  2.0
Dodging        | 3 4 5 |  5.4
Fighting       | 3 4 5 6 |  6.0
Long Blades    | 4 5 |  5.9

Action                   |  1- 3 |  4- 6 |  7- 9 || total
-------------------------+-------+-------+-------++-------
Melee: Long sword        |    86 |   225 |    61 ||   372
       Tailslap          |     7 |    40 |    15 ||    62
Throw: Dart              |       |     1 |     1 ||     2
Invok: Potion Petition   |       |       |     1 ||     1
 Abil: Breathe Lightning |       |       |     3 ||     3
  Use: Scroll            |     3 |     4 |     3 ||    10
       Potion            |     1 |     1 |     2 ||     4
 Stab: Sleeping          |     2 |       |       ||     2
  Eat: Chunk             |     1 |    10 |       ||    11
       Ration            |       |       |     2 ||     2
Armor: Skin              |    39 |    80 |    19 ||   138
Dodge: Dodged            |    96 |   200 |    52 ||   348
       Rpst.: Long sword |    32 |    70 |    14 ||   116

Table legend:
 A = Non-vault XP
 B = Vault XP
 C = Vault XP percentage of total XP
 D = Non-vault monster count
 E = Vault monster count
 F = Vault count percentage of total count
                 A         B        C        D         E       F
            +---------+---------+-------+---------+---------+-------
      Total |     918 |     403 |  30.5 |     111 |      15 |  11.9
            +---------+---------+-------+---------+---------+-------
        D:1 |      58 |       0 |   0.0 |      27 |       0 |   0.0
        D:2 |      85 |       0 |   0.0 |      26 |       0 |   0.0
        D:3 |      66 |      34 |  34.0 |      27 |      11 |  28.9
        D:4 |      69 |     149 |  68.3 |       5 |       3 |  37.5
        D:5 |     640 |     220 |  25.6 |      26 |       1 |   3.7
            +---------+---------+-------+---------+---------+-------
